 Dungeon Crawl Stone Soup version 0.27.0-1-g7a089689b8 (webtiles) character file.

Game seed: 114484514221819105

98 Lochraine the Poker (level 4, 0/37 HPs)
             Began as a Merfolk Fighter on Aug 10, 2021.
             Succumbed to Ijyb's poison
             ... on level 3 of the Dungeon.
             The game lasted 00:04:01 (2152 turns).

Lochraine the Poker (Merfolk Fighter)               Turns: 2152, Time: 00:04:02

Health: 0/37       AC: 10    Str: 17    XL:     4   Next: 69%
Magic:  13/13      EV:  8    Int:  7    God:
Gold:   69         SH:  0    Dex: 13    Spells: 3/3 levels left

rFire    . . .     SeeInvis .   a - +0 trident
rCold    . . .     Faith    .   c - +0 kite shield
rNeg     . . .     Spirit   .   h - +0 ring mail
rPois    .         Reflect  .   k - +0 helmet
rElec    .         Harm     .   (no cloak)
rCorr    .         Rampage  .   (no gloves)
Will     .....                  (no boots)
Stlth    ..........             (no amulet)
HPRegen  0.12/turn              j - ring of magical power
MPRegen  0.13/turn              o - +4 ring of protection

@: confused, mighty, lethally poisoned (0 -> -16), hasted, very quick
A: (nimble swimmer 2), mertail
a: no special abilities


You were on level 3 of the Dungeon.
You visited 1 branch of the dungeon, and saw 3 of its levels.

You collected 69 gold pieces.

Inventory:

Hand Weapons
 a - a +0 trident (weapon)
Armour
 b - a +0 scale mail
 c - a +0 kite shield (worn)
 h - a +0 ring mail (worn)
   (You found it on level 1 of the Dungeon)
 k - a +0 helmet (worn)
   (You found it on level 1 of the Dungeon)
Jewellery
 j - a ring of magical power (left hand)
   (You found it on level 1 of the Dungeon)
 o - a +4 ring of protection (right hand)
   (You found it on level 3 of the Dungeon)
Scrolls
 e - 3 scrolls of teleportation {unknown}
 g - 5 scrolls of enchant armour {unknown}
 i - a scroll of magic mapping {unknown}
 n - 3 scrolls of holy word {unknown}
Potions
 d - a potion of might
 f - a potion of ambrosia


   Skills:
 + Level 4.0 Fighting
 + Level 4.3 Polearms
 + Level 2.7 Armour
 + Level 3.6 Shields


You had 3 spell levels left.
You didn't know any spells.
Your spell library contained the following spells:

 Spells                   Type           Power      Damage    Failure   Level
 Sandblast                Erth           0%         2d4       98%         1
 Passwall                 Tmut/Erth      0%         N/A       99%         2
 Lee's Rapid Deconstruct  Erth           0%         3d5*      100%        5


Dungeon Overview and Level Annotations

Branches:
Dungeon (3/15)

Altars:

Shops:
D:1 !

Annotations:
D:3 Ijyb


Innate Abilities, Weirdness & Mutations

((You are quick and stealthy near water. (Stealth+, EV+, Speed+++)))
Your lower body shifts to a powerful aquatic tail in water.


Message History

Your will is overpowered!
You are more confused.
Your shield prevents you from hitting Ijyb.
You feel less invigorated.
You feel sick.
Ijyb zaps a wand.
You resist with some effort.
You're too confused to move!
You feel sick. Ijyb barely misses you.
You are too confused!
It was a potion of magic.
Magic courses through your body.
You feel sick.
You feel sick.
Ijyb zaps a wand.
Your will is overpowered!
You are more confused.
Unknown command.
You're too confused to aim your attacks!
Unknown command.
You feel sick.
Ijyb zaps a wand.
You resist with some effort.
Unknown command.
You're too confused to aim your attacks!
Unknown command.
You feel sick.
Ijyb zaps a wand.
You resist with some effort.
You're too confused to aim your attacks!
You feel sick.
You feel sick.
Ijyb zaps a wand.
Your will is overpowered!
You are more confused.
The now-empty wand crumbles to dust.
Found an escape hatch in the ceiling.
You barely miss Ijyb.
You feel sick.
Unknown command.
You miss Ijyb. Ijyb misses you.
Unknown command.
Unknown command.
You closely miss Ijyb.
You feel sick. Ijyb hits you but does no damage.
You are more poisoned.
You're too confused to move!
You feel sick. Ijyb hits you but does no damage.
You hit Ijyb.
You feel sick.
Ijyb hits you with a +2 dagger of venom.
* * * LOW HITPOINT WARNING * * *
You are lethally poisoned!
You're too confused to move!
* * * LOW HITPOINT WARNING * * *
You feel very sick.
Unknown command.
You die...

. .. ######.<# ##g
.....).# ... #.....8##
.g #...(...# ##.####
#.......## #.....#
#........ #.#.##.#
#....#.# .. ##.#
##..@...# ## #g.#
#..g....# #.##
#.<.....#
#.#####.####...........
#............>.....####
#######.####.......#
#.# #.#.###.# #.# #.#.#
.# #.# #.#.# ##


You could see Ijyb.

Vanquished Creatures
  An iguana (D:2)
  An adder (D:2)
  A gnoll (D:2)
  2 worms (D:2)
  A dart slug (D:2)
  3 endoplasms
  2 giant cockroaches
  5 goblins
  4 hobgoblins
  4 jackals (D:2)
  4 kobolds (D:1)
  2 quokkas (D:1)
  3 ball pythons
  3 bats
  A frilled lizard (D:1)
  6 rats
43 creatures vanquished.

Vanquished Creatures (others)
  4 toadstools (D:1)
4 creatures vanquished.

Grand Total: 47 creatures vanquished

Notes
Turn   | Place    | Note
-------+----------+-------------------------------------------
     0 | D:1      | Lochraine the Merfolk Fighter began the quest for the Orb.
     0 | D:1      | Reached XP level 1. HP: 18/18 MP: 1/1
   114 | D:1      | Found a faded altar of an unknown god.
   128 | D:1      | Reached XP level 2. HP: 21/24 MP: 2/2
   162 | D:1      | Noticed a golden eye
   164 | D:1      | Noticed a shining eye
   169 | D:1      | Noticed a golden eye
   789 | D:1      | Found Xamok's Distillery.
  1253 | D:2      | Reached XP level 3. HP: 30/30 MP: 3/3
  1592 | D:2      | Reached XP level 4. HP: 22/37 MP: 4/4
  2023 | D:3      | Noticed Ijyb
  2152 | D:3      | Succumbed to Ijyb's poison

Illustrated notes

Levels and vault maps discovered:
D:1:      ldierk_water_garden, layout_basic, serial_shops,
          nicolae_shop_behind_doors, hellmonk_ecumenical_altar_watching_god,
          chequers_serial_rivers_marsh
D:2:      layout_rooms, st_stairs_8, lemuel_old_faithful
D:3:      layout_loops_ring, mainiacjoe_overflow_concentric_impassable,
          serial_shops, nicolae_shop_stone, shop, shop,
          nicolae_shop_behind_doors, shop_statue, uniq_purgy, uniq_ijyb

Skill      XL: |  1  2  3  4 |
---------------+-------------+-----
Polearms       | 4 |  4.3
Fighting       | 4 |  4.0
Armour         | |  2.7
Shields        | |  3.6

Action                   |  1- 3 |  4- 6 || total
-------------------------+-------+-------++-------
Melee: Trident           |   135 |    40 ||   175
  Use: Potion            |       |     4 ||     4
Armor: Scale mail        |    23 |       ||    23
       Ring mail         |    30 |     9 ||    39
Dodge: Dodged            |    42 |    19 ||    61
Block: Kite shield       |    79 |    11 ||    90
